 Dungeon Crawl Stone Soup version 0.21.0-22-g11d5b52 (webtiles) character file.

707 sankara the Chopper (level 7, -8/67 HPs)
             Began as a Deep Dwarf Fighter on Jan 19, 2018.
             Was an Initiate of Makhleb.
             Mangled by an ogre
             ... wielding a +0 giant spiked club
              (21 damage)
             ... on level 5 of the Dungeon.
             The game lasted 00:11:45 (3058 turns).

sankara the Chopper (Deep Dwarf Fighter)            Turns: 3058, Time: 00:11:46

Health: -8/67      AC:  9    Str: 21 (22) XL:     7   Next: 40%
Magic:  7/7        EV:  7    Int:  9      God:    Makhleb [......]
Gold:   163        SH:  9    Dex: 14      Spells: 6/6 levels left

rFire    . . .     SeeInvis +   a - +0 war axe
rCold    . . .     Gourm    .   c - +0 shield
rNeg     . . .     Faith    .   b - +0 scale mail
rPois    .         Spirit   .   (no helmet)
rElec    .         Reflect  .   e - +0 cloak
rCorr    .         Harm     .   q - +0 pair of gloves
MR       +....                  (no boots)
Stlth    ..........             (no amulet)
HPRegen  0.00/turn              k - ring of see invisible
MPRegen  0.10/turn              u - +3 ring of strength

@: non-regenerating
A: damage resistance, heal wounds, sense surroundings 1, no regeneration
a: Heal Wounds, Renounce Religion


You were on level 5 of the Dungeon.
You worshipped Makhleb.
Makhleb was noncommittal.
You were not hungry.

You visited 2 branches of the dungeon, and saw 6 of its levels.

You collected 163 gold pieces.

Inventory:

Hand Weapons
 a - a +0 war axe (weapon)
Missiles
 i - 10 poisoned needles
 t - 16 stones (quivered)
Armour
 b - a +0 scale mail (worn)
 c - a +0 shield (worn)
 e - a +0 cloak (worn)
 o - a cursed +0 plate armour
 q - a +0 pair of gloves (worn)
Jewellery
 k - a ring of see invisible (left hand)
 u - a +3 ring of strength (right hand)
Scrolls
 d - a scroll of blinking {unknown}
 g - a scroll of amnesia {unknown}
 h - a scroll of noise {unknown}
 j - a scroll of enchant weapon {unknown}
 l - a scroll of fear {unknown}
 m - a scroll of random uselessness {unknown}
 n - 2 scrolls of teleportation {unknown}
 p - 5 scrolls of identify {unknown}
 s - 2 scrolls of fog {unknown}
Comestibles
 f - 9 rations
 r - a chunk of flesh


   Skills:
 + Level 5.0 Fighting
 * Level 7.6 Axes
 - Level 3.2 Armour
 - Level 3.2 Shields


You had 6 spell levels left.
You didn't know any spells.

Dungeon Overview and Level Annotations

Branches:
Dungeon (5/15)             Temple (1/1) D:5

Altars:
Cheibriados
Dithmenos
Elyvilon
Hepliaklqana
Makhleb
Okawaru
Qazlal
Ru
Trog
Uskayaw
Wu Jian

Shops:
D:4 }([


Innate Abilities, Weirdness & Mutations

You are resistant to damage.
You can heal yourself by infusing magical energy.
You passively map a small area around you.
You do not regenerate.


Message History

The howler monkey howls!
You hear a shout!
Throwing (i - inventory):
t - 18 stones (quivered)
Press: ? - help, Shift-Dir - straight line, f - howler monkey
Aim: a howler monkey You throw a stone.
The stone closely misses the howler monkey.
A centaur comes into view.
Throwing (i - inventory):
t - 17 stones (quivered)
Press: ? - help, Shift-Dir - straight line, f/p - howler monkey
Aim: a howler monkey You throw a stone.
The stone hits the howler monkey but does no damage.
The howler monkey hoots and howls with incredible vigour!
You hear an angry hiss.
The centaur wields a shortbow.
The centaur shoots an arrow.
You block the arrow.
You see here an arrow.
The centaur shoots an arrow.
The arrow hits you but does no damage.
The ogre hits you with a giant spiked club!!
You die...

* ...........#.#.#...........
#........# , , ........... #
######.## ** ........... .#
#####(# * #......... #. ,
#...c.## #......... . #
####.###..### #........< #.#
#.........h.# #........ ..##
...#...#...# *#....... ...# ,
#.⌠.#.O@# ##..##.#
#..###.###...###.# ###...#.#
#...##...........# #.....#.#
#.......⌠..>..⌠..##
###.#.#.#.# #.#
#.............# ###.......#.#
(.#
##.###...###..###.....#.#....
..#
#.,,#.⌠.#.....##.###.......#
.c# ,#...#..................#
..###
,.........#........#......


You could see an ogre, a centaur and a howler monkey.

Vanquished Creatures
  Grinder (D:3)
  A sky beast (D:3)
  An ogre (D:4)
  A hound (D:4)
  An orc priest (D:3)
  An orc wizard (D:3)
  Natasha (thrice) (D:3)
  A worker ant (D:4)
  9 adders
  An ooze (D:4)
  4 dart slugs
  3 leopard geckos
  5 orcs
  8 giant cockroaches
  5 goblins
  10 hobgoblins
  A jackal (D:2)
  5 kobolds
  2 quokkas
  A ball python (D:1)
  6 bats
  6 frilled lizards
  5 rats
81 creatures vanquished.

Notes
Turn   | Place    | Note
-------+----------+-------------------------------------------
     0 | D:1      | sankara the Deep Dwarf Fighter began the quest for the Orb.
     0 | D:1      | Reached XP level 1. HP: 20/20 MP: 1/1
   251 | D:1      | Reached XP level 2. HP: 25/27 MP: 2/2
   384 | D:1      | Reached skill level 3 in Axes
   952 | D:2      | Found an ornate altar of the Wu Jian Council.
   954 | D:2      | Found a bloodstained altar of Trog.
   960 | D:2      | Reached XP level 3. HP: 29/34 MP: 3/3
  1010 | D:2      | Found a hide-covered altar of Uskayaw.
  1187 | D:2      | Reached skill level 4 in Axes
  1256 | D:2      | Reached XP level 4. HP: 34/42 MP: 4/4
  1672 | D:3      | Noticed Natasha
  1679 | D:3      | Killed Natasha
  1771 | D:3      | Noticed Natasha
  1775 | D:3      | Killed Natasha
  1775 | D:3      | Reached skill level 5 in Axes
  1775 | D:3      | Reached XP level 5. HP: 32/50 MP: 5/5
  1824 | D:3      | Noticed Natasha
  1833 | D:3      | Killed Natasha
  1969 | D:3      | Noticed Grinder
  1997 | D:3      | Paralysed by Grinder for 7 turns
  2005 | D:3      | Paralysed by Grinder for 2 turns
  2011 | D:3      | Killed Grinder
  2011 | D:3      | Reached skill level 6 in Axes
  2011 | D:3      | Reached XP level 6. HP: 28/58 MP: 6/6
  2269 | D:4      | Found Cino's Armour Emporium.
  2269 | D:4      | Noticed a sky beast
  2463 | D:4      | Found Pyr Hia's Gadget Boutique.
  2520 | D:4      | Found Zistruut's Antique Weapon Boutique.
  2582 | D:3      | Killed a sky beast
  2582 | D:3      | Reached skill level 7 in Axes
  2582 | D:3      | Reached XP level 7. HP: 24/66 MP: 7/7
  2770 | D:4      | Reached skill level 5 in Fighting
  2850 | D:5      | Entered Level 5 of the Dungeon
  2893 | D:5      | Found a sacrificial altar of Ru.
  3013 | D:5      | Found a staircase to the Ecumenical Temple.
  3022 | Temple   | Entered the Ecumenical Temple
  3030 | Temple   | Became a worshipper of Makhleb the Destroyer
  3058 | D:5      | Mangled by an ogre

Skill      XL: |  1  2  3  4  5  6  7 |
---------------+----------------------+-----
Axes           | 3 4 5 6 7 |  7.6
Fighting       | 3 4 5 |  5.0
Armour         | |  3.2
Shields        | |  3.2

Action                   |  1- 3 |  4- 6 |  7- 9 || total
-------------------------+-------+-------+-------++-------
Melee: War axe           |   101 |   135 |    44 ||   280
Throw: Stone             |       |    12 |     3 ||    15
  Use: Potion            |       |     7 |     2 ||     9
  Eat: Chunk             |     1 |     5 |     1 ||     7
Armor: Scale mail        |    38 |    57 |    20 ||   115
Dodge: Dodged            |    35 |    36 |    11 ||    82
Block: Shield            |    50 |    63 |    28 ||   141
